General information
			
			
        
        - name: BNet
 
        - type: Ladder 1vs1/FFA
 
        - host: Battle.net
 
        - saver: GOD_HATES_FIGS
 
        
map: PlunderIsle 
        - players: 2
 
        - length: 21:02
 
        - speed: Fast
 - version: 1.26 W3XP
 - replay type:  Public
 
» download(61 KB)
Players
        team 1 (winner) 
              
              
GOD_HATES_FIGS (
orange | 72 APM | 1513 actions | 21:02)
              
 4 Paladin 
 2 Holy Light
 2 Divine Shield
 3 Archmage 
 2 Summon Water Elemental
 1 Brilliance Aura
 
                » actions 
                
                | Assign group hotkey | 42 |  | 
| Basic commands | 147 |  | 
| Build / train | 100 |  | 
| ESC pressed | 3 |  | 
| Enter build submenu | 35 |  | 
| Enter hero's abilities submenu | 7 |  | 
| Give item / drop item | 3 |  | 
| Right click | 535 |  | 
| Select / deselect | 318 |  | 
| Select group hotkey | 167 |  | 
| Use ability | 156 |  | 
                1513 total
 » units 
                
                | Peasant | 24 |  | 
| Footman | 9 |  | 
| Rifleman | 3 |  | 
| Mortar Team | 3 |  | 
| Sorceress | 2 |  | 
                41 total
 » upgrades
                
                | Defend | 1 |  | 
| Gunpowder | 3 |  | 
| Masonry | 2 |  | 
| Lumber Harvesting | 1 |  | 
| Sorceress Training | 1 |  | 
| Fragmentation Shards | 1 |  | 
| Flak Cannons | 1 |  | 
                10 total
 » buildings
                
                | Altar of Kings | 1 |  | 
| Barracks | 1 |  | 
| Farm | 5 |  | 
| Lumber Mill | 1 |  | 
| Arcane Vault | 1 |  | 
| Scout Tower | 21 |  | 
| Town Hall | 1 |  | 
| Arcane Tower | 1 |  | 
| Guard Tower | 12 |  | 
| Keep | 1 |  | 
| Blacksmith | 1 |  | 
| Castle | 1 |  | 
| Arcane Sanctum | 1 |  | 
| Workshop | 2 |  | 
                50 total
 » build order
                00:05 Altar of Kings
00:13 Barracks
00:24 Farm
00:52 Farm
02:04 Farm
02:59 Lumber Mill
03:17 Arcane Vault
03:53 Farm
03:56 Scout Tower
04:25 Town Hall
04:36 Scout Tower
05:08 Arcane Tower
05:29 Guard Tower
05:29 Guard Tower
05:29 Guard Tower
05:39 Scout Tower
06:39 Scout Tower
06:39 Scout Tower
06:43 Scout Tower
06:49 Guard Tower
06:59 Scout Tower
07:00 Scout Tower
07:01 Scout Tower
07:18 Scout Tower
07:35 Guard Tower
07:39 Scout Tower
07:43 Scout Tower
07:44 Scout Tower
07:45 Scout Tower
09:02 Guard Tower
09:19 Guard Tower
09:22 Scout Tower
09:45 Scout Tower
09:49 Keep
09:52 Guard Tower
10:01 Blacksmith
10:03 Farm
10:18 Guard Tower
10:36 Scout Tower
11:21 Guard Tower
12:12 Castle
12:29 Scout Tower
12:56 Arcane Sanctum
12:59 Workshop
13:00 Workshop
13:23 Scout Tower
14:56 Guard Tower
15:58 Guard Tower
19:55 Scout Tower
19:57 Scout Tower
» items
                
                | Lesser Clarity Potion | 8 |  | 
| Scroll of Regeneration | 5 |  | 
| Boots of Speed | 1 |  | 
| Staff of Teleportation | 1 |  | 
| Potion of Invisibility | 2 |  | 
| Potion of Lesser Invulnerability | 2 |  | 
| Periapt of Vitality | 1 |  | 
| Potion of Mana | 2 |  | 
| Staff of Sanctuary | 1 |  | 
| Scroll of Town Portal | 1 |  | 
| Potion of Healing | 1 |  | 
                25 total
  
               team 2 (loser) 
              
              
best_name_ever (
blue | 65 APM | 1362 actions | 21:00)
              
 3 Crypt Lord 
 1 Impale
 1 Carrion Beetles
 1 Spiked Carapace
 
                » actions 
                
                | Assign group hotkey | 7 |  | 
| Build / train | 72 |  | 
| Enter build submenu | 20 |  | 
| Enter hero's abilities submenu | 3 |  | 
| Right click | 557 |  | 
| Select / deselect | 214 |  | 
| Select group hotkey | 462 |  | 
| Use ability | 27 |  | 
                1362 total
 » units 
                
                | Acolyte | 30 |  | 
| Ghoul | 10 |  | 
| Gargoyle | 9 |  | 
| Crypt Fiend | 7 |  | 
                56 total
 » upgrades
                
                | Creature Attack | 1 |  | 
| Creature Carapace | 1 |  | 
                2 total
 » buildings
                
                | Crypt | 2 |  | 
| Ziggurat | 10 |  | 
| Altar of Darkness | 1 |  | 
| Graveyard | 1 |  | 
| Spirit Tower | 8 |  | 
| Halls of the Dead | 1 |  | 
| Nerubian Tower | 1 |  | 
                24 total
 » build order
                00:59 Crypt
01:05 Ziggurat
01:10 Altar of Darkness
01:15 Ziggurat
02:09 Crypt
02:40 Ziggurat
03:57 Graveyard
05:33 Spirit Tower
07:10 Ziggurat
07:12 Halls of the Dead
07:27 Ziggurat
07:30 Ziggurat
07:40 Ziggurat
07:51 Ziggurat
08:21 Spirit Tower
08:23 Spirit Tower
08:33 Spirit Tower
08:51 Spirit Tower
08:51 Spirit Tower
09:13 Spirit Tower
11:27 Ziggurat
11:32 Ziggurat
16:27 Nerubian Tower
16:30 Spirit Tower
 
                Chat log
          
(13:28 / All) best_name_ever: im not there
(15:43 / All) best_name_ever: tower fag
(20:57 / All) best_name_ever: noob im bored your just a baby noob